 Dungeon Crawl Stone Soup version 0.29-a0-296-gda187f2e07 (webtiles) character file.

Game seed: 6497041466213938774

176 Dabor the Skirmisher (level 5, -1/79 HPs)
             Began as a Troll Fighter on Mar 19, 2022.
             Was a Believer of Trog.
             Slain by an orc
             ... wielding a +0 falchion
              (6 damage)
             ... on level 4 of the Dungeon.
             The game lasted 00:04:43 (2024 turns).

Dabor the Skirmisher (Troll Fighter)                Turns: 2024, Time: 00:04:44

Health: -1/79      AC:  4    Str: 26    XL:     5   Next: 30%
Magic:  4/4        EV:  9    Int:  4    God:    Trog [**....]
Gold:   218        SH:  7    Dex:  9    Spells: 4/4 levels left

rFire   . . .      SeeInvis .   a - +0 flail
rCold   . . .      Faith    .   c - +0 kite shield
rNeg    . . .      Spirit   .   b - +0 robe
rPois   .          Reflect  .   (helmet restricted)
rElec   .          Harm     .   (no cloak)
rCorr   .          Rampage  .   (gloves unavailable)
Will    .....                   (boots unavailable)
Stlth   ..........              (no amulet)
HPRegen 1.03/turn               (no ring)
MPRegen 0.09/turn               (no ring)

@: mighty, berserking, very quick
A: large, unfitting armour, claws 3, regeneration 1, shaggy fur 1, tough skin 1
a: Renounce Religion, Berserk, Trog's Hand


You were on level 4 of the Dungeon.
You worshipped Trog.
Trog was pleased with you.
You visited 1 branch of the dungeon, and saw 4 of its levels.

You collected 218 gold pieces.

Inventory:

Hand Weapons
 a - a +0 flail (weapon)
Missiles
 n - 6 boomerangs (quivered)
 o - 5 curare-tipped darts
 p - 2 poisoned darts
Armour
 b - a +0 robe (worn)
 c - a +0 kite shield (worn)
Scrolls
 e - 3 scrolls of identify
 g - a scroll of fog
 j - 2 scrolls of enchant weapon {unknown}
 k - a scroll of teleportation {unknown}
 l - a scroll of amnesia {unknown}
 m - 2 scrolls of blinking {unknown}
 q - a scroll of fear
Potions
 f - a potion of mutation {unknown}
 h - 2 potions of flight {unknown}
 i - a potion of berserk rage {unknown}
 r - a potion of heal wounds {unknown}
 s - a potion of curing {unknown}


   Skills:
 * Level 3.2 Fighting
 * Level 2.8 Maces & Flails
 + Level 0.2 Throwing
 * Level 0.5 Armour
 * Level 3.2 Dodging
 - Level 3.1 Shields


You had 4 spell levels left.
You didn't know any spells.
Your spell library was empty.

Dungeon Overview and Level Annotations

Branches:
Dungeon (4/15)
 Temple: D:4-7

Altars:
Trog


Innate Abilities, Weirdness & Mutations

You are too large for most types of armour.
You have claws for hands.
Your natural rate of healing is unusually fast.
You are covered in fur. (AC +1)
You have tough skin. (AC +1)


Message History

You are too confused!
The orc priest invokes the aid of Beogh against you.
Beogh smites you! The orc priest completely misses you.
You miss the orc priest.
The orc priest is moderately wounded.
The orc priest barely misses you.
The orc wizard hits you with a +0 dagger.
You miss the orc priest.
The orc priest is moderately wounded.
The orc priest invokes the aid of Beogh against you.
Beogh smites you!
The orc wizard hits you with a +0 dagger.
The orc priest hits you but does no damage.
The orc wizard hits you with a +0 dagger.
You hit the orc priest.
The orc priest is moderately wounded.
You feel less confused.
The orc priest mumbles some strange prayers to Beogh against you.
Pain shoots through your body!
* * * LOW HITPOINT WARNING * * *
The orc hits you with a +0 falchion.
* * * LOW HITPOINT WARNING * * *
The orc wizard mumbles some strange words.
The orc wizard flickers and vanishes!
Deactivating autopickup; reactivate with Ctrl-A.
You feel very mighty all of a sudden. The orc priest hits you with a +0 club.
* * * LOW HITPOINT WARNING * * *
The orc barely misses you.
You hear some strange, mumbled words.
Something tries to affect you, but you resist.
Okay, then.
A red film seems to cover your vision as you go berserk!
You feel yourself moving faster!
You feel mighty!
The orc priest invokes the aid of Beogh against you.
Beogh smites you!
* * * LOW HITPOINT WARNING * * *
The orc hits you with a +0 falchion.
You die...

# .# ##.##########.##
#o.#{@.........##
#.#.oo..........#
#...)...........###
#..................
#..................
#......)..........#
#.................#
..###.....)......##..
... ##.......<......#


You could see an orc priest and an orc.

Vanquished Creatures
  An orc wizard (D:3)
  A gnoll (D:1)
  4 adders
  4 worms
  A dart slug (D:2)
  3 orcs
  5 ball pythons
  6 bats
  An endoplasm (D:1)
  7 giant cockroaches
  10 goblins
  9 hobgoblins
  6 jackals (D:1)
  7 kobolds
  4 quokkas
  8 frilled lizards
  9 rats
86 creatures vanquished.

Vanquished Creatures (others)
  5 plants (D:2)
5 creatures vanquished.

Grand Total: 91 creatures vanquished

Notes
Turn   | Place    | Note
-------+----------+-------------------------------------------
     0 | D:1      | Dabor the Troll Fighter began the quest for the Orb.
     0 | D:1      | Reached XP level 1. HP: 22/22 MP: 0/0
   138 | D:1      | Reached XP level 2. HP: 29/29 MP: 1/1
   310 | D:1      | Reached XP level 3. HP: 33/36 MP: 2/2
   434 | D:1      | Found a faded altar of an unknown god.
   548 | D:1      | Prayed at the altar of an unknown god.
   548 | D:1      | Became a worshipper of Trog the Wrathful
   548 | D:1      | Reached * piety under Trog
   679 | D:2      | Reached XP level 4. HP: 44/44 MP: 3/3
  1368 | D:3      | Reached ** piety under Trog
  1650 | D:3      | Reached XP level 5. HP: 45/53 MP: 4/4
  2024 | D:4      | Slain by an orc

Illustrated notes

Levels and vault maps discovered:
D:1:      nicolae_arrival_washed_ashore, layout_basic, basic_ecumenical_altar,
          minivault_11
D:2:      minmay_chambers_of_twos, layout_rooms, dreamdust_princess_corridor,
          serial_bayou_lake_a
D:3:      layout_loops_ring, grunt_decor_cap
D:4:      layout_rooms, minmay_temple_entry_large_hall

Skill      XL: |  1  2  3  4 |
---------------+-------------+-----
Maces & Flails | 2 |  2.8
Shields        | 3 |  3.1
Dodging        | 3 |  3.2
Fighting       | 3 |  3.2
Throwing       | |  0.2
Armour         | |  0.5

Action                   |  1- 3 |  4- 6 || total
-------------------------+-------+-------++-------
Melee: Flail             |   137 |   176 ||   313
Throw: Boomerang         |       |     6 ||     6
Invok: Berserk           |       |     1 ||     1
  Use: Scroll            |     2 |       ||     2
       Potion            |       |     1 ||     1
Armor: Robe              |    64 |    77 ||   141
Dodge: Dodged            |    81 |    75 ||   156
Block: Kite shield       |    68 |    64 ||   132

Table legend: (Time is in decaauts)
 A = Elapsed time spent in this place.
 B = Non-inter-level travel time spent in this place.
 C = Inter-level travel time spent in this place.
 D = Time resting spent in this place.
 E = Time spent auto-exploring this place.
 F = Levels seen in this place.
 G = Mean time per level.
                   A        B        C        D        E       F      G
               +--------+--------+--------+--------+--------+-----+--------+
         Total |   2194 |   2106 |     88 |      0 |   1368 |   4 |  548.5 |
       Dungeon |   2194 |   2106 |     88 |      0 |   1368 |   4 |  548.5 |
               +--------+--------+--------+--------+--------+-----+--------+

Top non-repeatable levels by time:
     D:2: 772 daAuts
     D:3: 730 daAuts
     D:1: 664 daAuts
     D:4: 27 daAuts
